 Dungeon Crawl Stone Soup version 0.17.0-28-g6e173f8 (webtiles) character file.

944 dohliylev the Covert (level 7, 0/51 HPs)
             Began as a Vampire Assassin on Nov 22, 2015.
             Slain by a centaur skeleton (4 damage)
             ... on level 5 of the Dungeon.
             The game lasted 00:40:53 (4870 turns).

dohliylev the Covert (Vampire Assassin)             Turns: 4870, Time: 00:40:53

Health: 0/51       AC:  7    Str: 10    XL:     7   Next: 88%
Magic:  7/7        EV: 16    Int: 14    God:
Gold:   115        SH:  0    Dex: 17    Spells: 0 memorised, 6 levels left

rFire  . . .     SeeInvis +     A - +3 dagger (venom)
rCold  + . .     Clarity  .     r - steam dragon hide
rNeg   + + .     SustAt   .     (no shield)
rPois  +         Gourm    .     (no helmet)
rElec  .         Spirit   .     d - +0 cloak
rCorr  .         Warding  .     y - +0 pair of gloves
rMut   .         Stasis   .     B - +2 pair of boots
MR     .....                    (no amulet)
Stlth  ++++++....               (no ring)
                                q - +3 ring of evasion

@: regenerating slowly, not resistant to hostile enchantments, very stealthy
A: fangs 3, see invisible, unbreathing
a: Bat Form


You were on level 5 of the Dungeon.
You were very thirsty.

You visited 1 branch of the dungeon, and saw 5 of its levels.

You collected 115 gold pieces.

Inventory:

Hand Weapons
 b - a +0 blowgun
 z - a +2 dagger of venom
 A - a +3 dagger of venom (weapon)
Missiles
 e - 15 poisoned needles
 f - 2 curare-tipped needles
 s - 2 tomahawks (quivered)
 D - 20 bolts
Armour
 d - a +0 cloak (worn)
 r - a steam dragon hide (worn)
 y - a +0 pair of gloves (worn)
 B - a +2 pair of boots (worn)
Jewellery
 q - a +3 ring of evasion (left hand)
 C - a cursed amulet of inaccuracy {unknown}
 E - an uncursed ring of protection from fire {unknown}
Wands
 t - a wand of flame (29)
Scrolls
 h - 2 scrolls of remove curse
 i - a scroll of blinking {unknown}
 j - 2 scrolls of enchant weapon {unknown}
 k - 2 scrolls of fear {unknown}
 l - 2 scrolls of recharging {unknown}
 m - 9 scrolls of identify {unknown}
 o - 3 scrolls of amnesia {unknown}
 p - 2 scrolls of magic mapping {unknown}
 v - 2 scrolls of noise {unknown}
Potions
 a - a potion of ambrosia {unknown}
 c - a potion of curing {unknown}
 g - 19 potions of blood
 n - a potion of agility {unknown}
 u - a potion of lignification {unknown}
 w - a potion of heal wounds {unknown}
 x - 2 potions of berserk rage {unknown}


   Skills:
 + Level 2.7 Fighting
 + Level 3.2 Short Blades
 * Level 3.4 Throwing
 + Level 2.9 Dodging
 * Level 12.1 Stealth


You had 6 spell levels left.
You didn't know any spells.

Dungeon Overview and Level Annotations

Branches:
Dungeon (5/15)             Temple (0/1) D:4

Altars:
Ashenzari
Gozag
Okawaru
Trog

Shops:
D:4 *


Innate Abilities, Weirdness & Mutations

You heal slowly.
You have razor-sharp teeth.
You have supernaturally acute eyesight.
You can survive without breathing.


Message History

The orc warrior hits you with a mace!
You hit the orc warrior but do no damage.
The orc warrior is poisoned.
The orc warrior is lightly wounded.
The orc warrior hits you with a mace!!
The orc warrior looks more healthy.
You closely miss the orc warrior.
The orc warrior is moderately wounded.
The orc warrior hits you with a mace!
* * * LOW HITPOINT WARNING * * *
Found 5 arrows of dispersal.
You open the door.
An orc comes into view. It is wielding a mace.
The orc warrior hits you with a mace!
* * * LOW HITPOINT WARNING * * *
Found a scroll labeled XUADOGG PIROMU.
There is an open door here.
Found a scroll labeled XUADOGG PIROMU.
The centaur skeleton misses you. The centaur skeleton hits you.
You die...

.#.## .......... .#.#
..##..##.# #
.#.#####.##..##.# .#
.#.......##..##.####.#
#######..##..?..o..?.#
####..##.........#
#......'....?....#####
....######...o.Z.......#
### ... #....s@.......#
... . ###+##........##.#
#...........#
#.........# #......!..#
#.....<...# #.........#
#.........#
#########.########


You could see an orc warrior, an orc (sleeping), a giant cockroach and a centaur
skeleton.

Vanquished Creatures
  Sigmund (D:3)
  2 ogres
  2 crimson imps
  A hound (D:4)
  An orc priest (D:4)
  Jessica (D:2)
  3 orc wizards (D:3)
  Natasha (twice) (D:3)
  2 worker ants (D:4)
  5 iguanas
  A worker ant zombie (D:5)
  5 adders
  A shadow imp (D:5)
  2 oozes
  4 worms
  3 giant geckos
  11 orcs
  7 bats
  5 giant cockroaches
  6 hobgoblins
  2 jackals (D:2)
  6 kobolds
  4 quokkas
  2 ball pythons (D:3)
  A giant gecko skeleton (D:4)
  4 giant newts
  7 goblins
  8 rats
99 creatures vanquished.

Notes
Turn   | Place    | Note
--------------------------------------------------------------
     0 | D:1      | dohliylev the Vampire Assassin began the quest for the Orb.
     0 | D:1      | Reached XP level 1. HP: 16/16 MP: 1/1
    42 | D:1      | Reached skill level 6 in Stealth
   139 | D:1      | Reached XP level 2. HP: 16/22 MP: 2/2
   624 | D:1      | Reached skill level 7 in Stealth
   624 | D:1      | Reached XP level 3. HP: 27/27 MP: 3/3
  1457 | D:2      | Found an opulent altar of Gozag.
  1775 | D:2      | Found a bloodstained altar of Trog.
  1775 | D:2      | Found an iron altar of Okawaru.
  1826 | D:2      | Noticed Jessica
  1840 | D:2      | Killed Jessica
  1840 | D:2      | Reached XP level 4. HP: 12/33 MP: 4/4
  2236 | D:3      | Reached skill level 8 in Stealth
  2458 | D:3      | Found a shattered altar of Ashenzari.
  2465 | D:3      | Became a worshipper of Ashenzari the Shackled
  2499 | D:3      | Noticed Natasha
  2507 | D:3      | Killed Natasha
  2553 | D:3      | Reached XP level 5. HP: 10/38 MP: 5/5
  3040 | D:3      | Reached skill level 9 in Stealth
  3249 | D:3      | Fell from the grace of Ashenzari
  3394 | D:3      | Noticed Sigmund
  3436 | D:3      | Reached XP level 6. HP: 44/44 MP: 6/6
  3470 | D:3      | Killed Sigmund
  3470 | D:3      | Reached skill level 10 in Stealth
  3476 | D:3      | Noticed Natasha
  3493 | D:3      | Killed Natasha
  3666 | D:4      | Was forgiven by Ashenzari
  3666 | D:4      | Reached XP level 7. HP: 50/50 MP: 7/7
  3707 | D:4      | Found Guhaipt's General Store.
  3800 | D:4      | Found a staircase to the Ecumenical Temple.
  3826 | D:4      | Reached skill level 11 in Stealth
  4572 | D:5      | Entered Level 5 of the Dungeon
  4807 | D:5      | Reached skill level 12 in Stealth
  4870 | D:5      | Slain by a centaur skeleton

Action                   |  1- 3 |  4- 6 |  7- 9 || total
-------------------------+-------+-------+-------++-------
Melee: Dagger            |    73 |    68 |    59 ||   200
 Fire: Blowgun           |     9 |    20 |     1 ||    30
Throw: Tomahawk          |       |     1 |       ||     1
Invok: Renounce Religion |       |     1 |       ||     1
  Use: Potion            |     3 |     3 |     2 ||     8
 Stab: Sleeping          |    14 |     9 |    10 ||    33
       Distracted        |       |     2 |       ||     2
